[Event "Titled Tuesday Blitz March 21 Early 2023"]
[White "Fule, Simon"]
[Black "Andreev, Konstantin"]
[WhiteFideId "787515"]
[BlackFideId "24239305"]
[WhiteElo "2373"]
[BlackElo "2106"]
[Result "0-1"]
[Round "04"]
[TimeControl "180+2"]
[Date "2023.03.21"]
[WhiteClock "0:00:24"]
[BlackClock "0:01:58"]

1. e4 c5 2. Nf3 e6 3. d4 cxd4 4. Nxd4 Nc6 5. Nc3 Qc7 6. Be3 Nf6 7. a3 a6 8. f4 d6 9. Qf3 Be7 10. O-O-O Rb8 11. Nxc6 bxc6 12. g4 d5 13. g5 Nd7 14. exd5 cxd5 15. Bd4 O-O 16. h4 Bd6 17. f5 Qb7 18. Na4 e5 19. Bc3 d4 20. Qxb7 Bxb7 21. Rh3 Bc6 22. Bxa6 Bxa4 23. Bxd4 exd4 24. Rxd4 Rb6 25. Rxa4 Nc5 26. Rd4 Nxa6 27. b4 h6 28. gxh6 gxh6 29. Kb2 Be5 0-1


[Site "https://www.chess.com"]

[Event "Titled Tuesday Blitz March 21 Early 2023"]
[White "Melikhov, Evgeny V."]
[Black "Kozin, Yuri"]
[WhiteFideId "4122046"]
[BlackFideId "4129920"]
[WhiteElo "2158"]
[BlackElo "2539"]
[Result "1-0"]
[Round "04"]
[TimeControl "180+2"]
[Date "2023.03.21"]
[WhiteClock "0:00:11"]
[BlackClock "0:00:05"]

1. d4 d5 2. c4 c6 3. Nc3 Nf6 4. e3 Bf5 5. Nf3 e6 6. Nh4 Be4 7. f3 Bg6 8. Bd2 Nbd7 9. Qb3 Qc7 10. O-O-O Be7 11. Nxg6 hxg6 12. g3 dxc4 13. Bxc4 b5 14. Bd3 a5 15. Kb1 a4 16. Qc2 Qb7 17. Ne4 O-O 18. Rc1 Rfc8 19. Ng5 b4 20. Bxg6 fxg6 21. Qxg6 Nf8 22. Qf7+ Kh8 23. Nxe6 Nxe6 24. Qxe6 b3 25. a3 Qd7 26. Qxd7 Nxd7 27. e4 c5 28. d5 Ne5 29. f4 Nd3 30. Rc4 Bf6 31. e5 Bd8 32. Be3 Ba5 33. Rd1 Nb4 34. axb4 Bxb4 35. Rdc1 a3 36. Bxc5 a2+ 37. Ka1 Bxc5 38. Rxc5 Re8 39. d6 Rad8 40. Rb5 g5 41. Rxb3 gxf4 42. gxf4 Rf8 43. Rb4 Kg7 44. Kxa2 Kf7 45. Rc7+ Ke6 46. Re7+ Kd5 47. Rbb7 Rxf4 48. d7 Kc6 49. Ra7 Rd4 50. e6 Rb8 51. Re8 Rb5 52. d8=Q Rxd8 53. Rxd8 Re5 54. e7 Kb6 55. e8=Q Rxe8 56. Rxe8 Kxa7 1-0


[Site "https://www.chess.com"]

[Event "Titled Tuesday Blitz March 21 Early 2023"]
[White "Liu, Casper"]
[Black "Quinones Garcia, Santiago"]
[WhiteFideId "1454153"]
[BlackFideId "4408497"]
[WhiteElo "2221"]
[BlackElo "2263"]
[Result "1-0"]
[Round "04"]
[TimeControl "180+2"]
[Date "2023.03.21"]
[WhiteClock "0:02:37"]
[BlackClock "0:02:43"]

1. d4 Nf6 2. c4 e6 3. Nc3 Bb4 4. Qc2 b6 5. e4 c5 6. d5 Qe7 7. Bd3 exd5 8. cxd5 Nxd5 9. Ne2 Nf6 10. O-O Bb7 11. f4 d6 12. e5 dxe5 13. fxe5 Qxe5 14. Bf4 Qd5 15. Nxd5 Bxd5 16. a3 Ba5 17. b4 1-0


[Site "https://www.chess.com"]

[Event "Titled Tuesday Blitz March 21 Early 2023"]
[White "TimGrutter03"]
[Black "Mirzanurov, Bulat"]
[BlackFideId "4184521"]
[WhiteElo "2532"]
[BlackElo "2019"]
[Result "1-0"]
[Round "04"]
[TimeControl "180+2"]
[Date "2023.03.21"]
[WhiteClock "0:00:10"]
[BlackClock "0:00:13"]

1. e4 c5 2. Nf3 d6 3. d4 cxd4 4. Nxd4 Nf6 5. Nc3 a6 6. h4 e5 7. Nb3 h5 8. Bg5 Be6 9. Qd2 Nbd7 10. O-O-O Be7 11. f4 exf4 12. Bxf4 Ne5 13. Qe1 Qc7 14. Nd4 Bd7 15. Bg5 Neg4 16. Nd5 Nxd5 17. exd5 Ne5 18. Bd3 Bxg5+ 19. hxg5 O-O-O 20. Bf5 g6 21. Bxd7+ Qxd7 22. Rh3 Qg4 23. Rg3 Qf4+ 24. Kb1 h4 25. Rb3 Qxg5 26. Qa5 Qe7 27. Nc6 Qc7 28. Qxc7+ Kxc7 29. Nxd8 Rxd8 30. Rh1 Rh8 31. Rbh3 g5 32. g3 Ng6 33. gxh4 gxh4 34. Rf1 Rh7 35. c4 Kd7 36. Kc2 Ne5 37. Rf4 Ng6 38. Rg4 Rh5 39. b4 Rf5 40. Kc3 Rf2 41. a4 Ra2 42. Kb3 Ra1 43. c5 Rb1+ 44. Kc2 Re1 45. Kd2 Re5 46. Rd3 Rh5 47. Rg1 Nf4 48. Rf3 Rxd5+ 49. Ke3 Ne6 50. Rxf7+ Kc6 51. cxd6 Rxd6 52. Rh7 Nc7 53. Rxh4 Nd5+ 54. Kd4 Nxb4+ 55. Kc4 Nd5 56. Rhh1 Nb6+ 57. Kb3 Nd5 58. Rc1+ Kb6 59. Rhd1 Rd7 60. Rd3 Nf6 61. Rf3 Nd5 62. Rd1 Nf6 63. Rxf6+ Kc7 64. Rxd7+ Kxd7 65. a5 Kc7 66. Rb6 Kb8 67. Kc4 Ka7 68. Kd5 Kb8 69. Kd6 Ka7 70. Kc7 Ka8 71. Kc8 Ka7 72. Rxb7+ Ka8 73. Rb6 Ka7 74. Kc7 Ka8 75. Rxa6# 1-0


[Site "https://www.chess.com"]

[Event "Titled Tuesday Blitz March 21 Early 2023"]
[White "Real_taiatai"]
[Black "Karas, Marek"]
[BlackFideId "14928558"]
[WhiteElo "2364"]
[BlackElo "2233"]
[Result "0-1"]
[Round "04"]
[TimeControl "180+2"]
[Date "2023.03.21"]
[WhiteClock "0:00:13"]
[BlackClock "0:02:12"]

1. d4 Nf6 2. Nf3 e6 3. Bg5 h6 4. Bxf6 Qxf6 5. Nbd2 d5 6. e4 dxe4 7. Nxe4 Qd8 8. Bb5+ Bd7 9. Bd3 Bc6 10. Ng3 Nd7 11. c3 Be7 12. O-O O-O 13. Qe2 Bxf3 14. Qxf3 c6 15. Rfe1 Qb6 16. Nh5 Nf6 17. Qg4 Nxg4 0-1


[Site "https://www.chess.com"]

[Event "Titled Tuesday Blitz March 21 Early 2023"]
[White "Richter, Nils"]
[Black "Lopez Del Alamo, Antonio"]
[WhiteFideId "12990809"]
[BlackFideId "2227339"]
[WhiteElo "2381"]
[BlackElo "2175"]
[Result "1-0"]
[Round "04"]
[TimeControl "180+2"]
[Date "2023.03.21"]
[WhiteClock "0:00:56"]
[BlackClock "0:00:18"]

1. e4 c5 2. Nf3 e6 3. d4 cxd4 4. Nxd4 Nf6 5. Nc3 Nc6 6. Ndb5 d6 7. Bf4 e5 8. Bg5 a6 9. Na3 b5 10. Nd5 Be7 11. Bxf6 Bxf6 12. c4 b4 13. Nc2 Rb8 14. g3 O-O 15. Bg2 Be6 16. O-O a5 17. Nce3 Bg5 18. f4 Bh6 19. f5 Bxe3+ 20. Nxe3 Bc8 21. Qh5 f6 22. Rad1 Qb6 23. Qe2 Nd4 24. Qf2 Bb7 25. g4 Rfc8 26. h4 Kh8 27. Kh2 a4 28. g5 b3 29. a3 Bc6 30. Rg1 Nc2 31. Rd3 Be8 32. Qd2 Nxe3 33. Rxe3 Rxc4 34. gxf6 gxf6 35. Rg3 Qc7 36. Qh6 Qf7 37. Bf1 Rc2+ 38. Kh3 Bd7 39. Rg7 Rf8 40. Qxh7# 1-0


[Site "https://www.chess.com"]

[Event "Titled Tuesday Blitz March 21 Early 2023"]
[White "Raahul V S"]
[Black "Manon-og, Ramon Jr."]
[WhiteFideId "25035525"]
[BlackFideId "5200776"]
[WhiteElo "2168"]
[BlackElo "2338"]
[Result "1-0"]
[Round "04"]
[TimeControl "180+2"]
[Date "2023.03.21"]
[WhiteClock "0:02:06"]
[BlackClock "0:02:25"]

1. c4 Nf6 2. Nc3 g6 3. e4 d6 4. g3 Bg7 5. Bg2 O-O 6. Nge2 c5 7. O-O Nc6 8. d3 Bg4 9. f3 Be6 10. Be3 Rb8 11. Rc1 a6 12. h3 b5 13. b3 bxc4 14. dxc4 Qc8 15. g4 h5 16. Nf4 Bh6 17. Qd2 Bd7 18. Kh1 Nd4 19. Nfd5 Bg7 20. Nxe7+ 1-0


[Site "https://www.chess.com"]

[Event "Titled Tuesday Blitz March 21 Early 2023"]
[White "Degenbaev, Aziz"]
[Black "Rosenberg, Evan S"]
[WhiteFideId "13802640"]
[BlackFideId "2019299"]
[WhiteElo "2152"]
[BlackElo "2318"]
[Result "1-0"]
[Round "04"]
[TimeControl "180+2"]
[Date "2023.03.21"]
[WhiteClock "0:01:51"]
[BlackClock "0:02:37"]

1. e4 e5 2. Nf3 Nc6 3. d4 exd4 4. Nxd4 Bb4+ 5. c3 Bc5 6. Be3 Bb6 7. Nf5 g6 8. Bxb6 axb6 9. Ne3 Nf6 10. f3 O-O 11. c4 d5 12. cxd5 Nxe4 13. fxe4 Qh4+ 14. Kd2 Qxe4 15. Bd3 Qd4 16. Qb3 Re8 17. Re1 Ne5 18. Na3 Bd7 19. Nac2 Qf4 20. Qc3 Nxd3 21. Qxd3 Qxh2 22. Rh1 Qf4 23. Raf1 Qb4+ 24. Nxb4 1-0


[Site "https://www.chess.com"]

[Event "Titled Tuesday Blitz March 21 Early 2023"]
[White "Botez, Alexandra"]
[Black "Hirneise, Jens"]
[WhiteFideId "2603365"]
[BlackFideId "24614734"]
[WhiteElo "2059"]
[BlackElo "2345"]
[Result "0-1"]
[Round "04"]
[TimeControl "180+2"]
[Date "2023.03.21"]
[WhiteClock "0:00:02"]
[BlackClock "0:00:26"]

1. d4 d5 2. c4 c5 3. dxc5 d4 4. Nf3 Nc6 5. e3 e5 6. exd4 exd4 7. Bd3 Bxc5 8. O-O Nf6 9. Re1+ Be7 10. Nbd2 O-O 11. Nb3 Bg4 12. h3 Bh5 13. g4 Nxg4 14. hxg4 Bxg4 15. Be2 Bf6 16. Nh2 Bxe2 17. Rxe2 d3 18. Re4 Re8 19. Rxe8+ Qxe8 20. Be3 Rd8 21. Rb1 Qe4 22. Nd2 Qe7 23. a3 Nd4 24. Bxd4 Rxd4 25. Qf3 h5 26. Kf1 Qc7 27. Qg2 Qf4 28. Nhf3 Rd8 29. Qg3 Qf5 30. b3 g5 31. Re1 g4 32. Re3 Bg7 33. Ne4 gxf3 0-1


[Site "https://www.chess.com"]

[Event "Titled Tuesday Blitz March 21 Early 2023"]
[White "victormago"]
[Black "Janaszak, Dawid"]
[BlackFideId "1119206"]
[WhiteElo "2306"]
[BlackElo "2220"]
[Result "0-1"]
[Round "04"]
[TimeControl "180+2"]
[Date "2023.03.21"]
[WhiteClock "0:00:25"]
[BlackClock "0:01:18"]

1. d4 Nf6 2. c4 g6 3. Nc3 Bg7 4. e4 d6 5. Be2 O-O 6. Bg5 c5 7. d5 h6 8. Be3 e6 9. Qd2 exd5 10. cxd5 Re8 11. f3 Na6 12. g4 Nc7 13. h4 h5 14. g5 Nd7 15. Nh3 b5 16. Nf2 b4 17. Nb5 Nxb5 18. Bxb5 Ne5 19. Qe2 Bd7 20. Bxd7 Qxd7 21. O-O f5 22. Rac1 f4 23. Bxf4 Rf8 24. Bxe5 Bxe5 25. Kg2 Rf4 26. Rh1 Raf8 27. Rh3 Bd4 28. Nd3 Rxf3 29. Qxf3 Rxf3 30. Rxf3 Qg4+ 31. Rg3 Qxe4+ 32. Kh3 Qxd5 33. Re1 c4 34. Nxb4 Qf5+ 35. Kg2 Qf2+ 0-1


[Site "https://www.chess.com"]

[Event "Titled Tuesday Blitz March 21 Early 2023"]
[White "Lehtosaari, Mauri"]
[Black "Hernandez Leon, Alberto"]
[WhiteFideId "501999"]
[BlackFideId "2272555"]
[WhiteElo "2518"]
[BlackElo "2239"]
[Result "1-0"]
[Round "04"]
[TimeControl "180+2"]
[Date "2023.03.21"]
[WhiteClock "0:00:15"]
[BlackClock "0:00:01"]

1. d4 d5 2. Nf3 Nf6 3. Bg5 e6 4. Nbd2 Be7 5. e3 h6 6. Bh4 Ne4 7. Bxe7 Qxe7 8. Nxe4 dxe4 9. Nd2 f5 10. Bc4 Nd7 11. O-O Nf6 12. f3 exf3 13. Nxf3 Bd7 14. Ne5 O-O-O 15. c3 Rhg8 16. a4 Kb8 17. a5 Ne4 18. Bd3 Qh4 19. Rf4 Qe7 20. Bxe4 g5 21. Rf1 fxe4 22. Rf7 Qe8 23. Qb3 Ka8 24. Raf1 Bb5 25. Rxc7 Kb8 26. Rff7 Rf8 27. Rxb7+ Ka8 28. Rxa7+ Kb8 29. Rxf8 Qxf8 30. Qxb5+ Kxa7 31. Nc6+ Ka8 32. Qa6# 1-0


[Site "https://www.chess.com"]

[Event "Titled Tuesday Blitz March 21 Early 2023"]
[White "Bogaudinov, Rushan"]
[Black "koncheto"]
[WhiteFideId "4129288"]
[WhiteElo "1949"]
[BlackElo "2518"]
[Result "1-0"]
[Round "04"]
[TimeControl "180+2"]
[Date "2023.03.21"]
[WhiteClock "0:00:43"]
[BlackClock "0:00:01"]

1. d4 d5 2. Nf3 Nf6 3. g3 Bf5 4. Bg2 e6 5. O-O h6 6. c4 c6 7. Nc3 Be7 8. a3 Nbd7 9. c5 O-O 10. b4 b5 11. a4 a6 12. Ne5 Nxe5 13. dxe5 Nd7 14. f4 f6 15. e4 Bh7 16. exf6 Bxf6 17. e5 Be7 18. Ne2 a5 19. axb5 axb4 20. Rxa8 Bxc5+ 21. Kh1 Qxa8 22. bxc6 Qxc6 23. Bb2 Nb6 24. Bd4 Nc4 25. Bxc5 Qxc5 26. Nd4 Ne3 27. Nxe6 Qe7 28. Qd4 Nxg2 29. Nxf8 Be4 30. Kg1 Kxf8 31. f5 b3 32. f6 gxf6 33. Rxf6+ Kg7 34. Rf2 1-0


[Site "https://www.chess.com"]

[Event "Titled Tuesday Blitz March 21 Early 2023"]
[White "Sonnenschein, Philipp"]
[Black "Tsotsonava, Elene"]
[WhiteFideId "16250877"]
[BlackFideId "13615939"]
[WhiteElo "2224"]
[BlackElo "1829"]
[Result "1-0"]
[Round "04"]
[TimeControl "180+2"]
[Date "2023.03.21"]
[WhiteClock "0:00:31"]
[BlackClock "0:00:09"]

1. d4 Nf6 2. c4 b6 3. Nc3 Bb7 4. Qc2 d5 5. cxd5 Nxd5 6. e4 Nxc3 7. bxc3 g6 8. Nf3 Bg7 9. Bg5 O-O 10. Bc4 c5 11. d5 Nd7 12. O-O Qe8 13. Rfe1 h6 14. Bh4 Ne5 15. Nxe5 Bxe5 16. Qd2 b5 17. Bd3 b4 18. cxb4 Bxa1 19. Rxa1 cxb4 20. Qxh6 Qc8 21. Bxe7 Qc3 22. Rd1 Rfe8 23. d6 Qe5 24. Qh4 Kg7 25. f4 Qd4+ 26. Qf2 Qxf2+ 27. Kxf2 Bc6 28. Rc1 Bd7 29. Ba6 Be6 30. Rc2 Reb8 31. h3 Rb6 32. Bd3 Rc8 33. Rxc8 Bxc8 34. Ke3 Be6 35. Kd4 Rc6 36. g4 f6 37. f5 gxf5 38. exf5 Bc8 39. Bc4 a5 40. Be6 Bxe6 41. fxe6 a4 42. d7 b3 43. axb3 axb3 44. d8=Q b2 45. Qf8+ Kh7 46. Qf7+ Kh6 47. Qxf6+ Kh7 48. Qf7+ Kh6 49. g5# 1-0


[Site "https://www.chess.com"]

[Event "Titled Tuesday Blitz March 21 Early 2023"]
[White "Luo, Terry"]
[Black "Zaichenko, Daria"]
[WhiteFideId "30931045"]
[BlackFideId "4197453"]
[WhiteElo "2265"]
[BlackElo "2039"]
[Result "0-1"]
[Round "04"]
[TimeControl "180+2"]
[Date "2023.03.21"]
[WhiteClock "0:01:46"]
[BlackClock "0:00:54"]

1. d4 d5 2. c4 e6 3. Nf3 Nf6 4. g3 Be7 5. Bg2 O-O 6. O-O dxc4 7. Qc2 Bd7 8. Ne5 Bc6 9. Nxc6 Nxc6 10. e3 e5 11. Qxc4 exd4 12. exd4 Qxd4 13. Qxd4 Nxd4 14. Nc3 c6 15. Rd1 Rad8 16. Bf4 h6 17. Be5 Ne6 18. a4 Rxd1+ 19. Rxd1 Rd8 20. Rxd8+ Bxd8 21. Kf1 Nc5 22. Ke2 Ba5 23. Bxf6 gxf6 24. Ne4 Nxa4 25. b3 Nc3+ 26. Kd3 Nxe4 27. Bxe4 Kf8 28. Bf5 Ke7 29. Bc8 b5 30. f4 Bb6 31. h3 a5 32. g4 Bf2 33. Bf5 Kd6 34. Bc8 Bh4 35. Ke4 c5 36. Kd3 Bg3 37. f5 a4 38. bxa4 bxa4 39. Kc4 Be1 40. Bb7 a3 41. Kb3 Bb4 42. h4 c4+ 43. Ka2 c3 44. Be4 Ke5 45. Bc2 Kf4 46. Bd1 Kg3 47. h5 Kf2 48. Kb3 Ke3 49. Bc2 Kd2 50. Bb1 a2 0-1


[Site "https://www.chess.com"]

[Event "Titled Tuesday Blitz March 21 Early 2023"]
[White "Lesbekova, Assel"]
[Black "Horak, Martin"]
[WhiteFideId "13713248"]
[BlackFideId "367095"]
[WhiteElo "1799"]
[BlackElo "2091"]
[Result "0-1"]
[Round "04"]
[TimeControl "180+2"]
[Date "2023.03.21"]
[WhiteClock "0:02:17"]
[BlackClock "0:01:30"]

1. e4 c5 2. Nf3 a6 3. c3 d5 4. exd5 Qxd5 5. d4 e6 6. Be2 Nf6 7. O-O Be7 8. Be3 Nbd7 9. c4 Qc6 10. Ne5 Qb6 11. b3 O-O 12. Nc3 cxd4 13. Bxd4 Qc7 14. Nxd7 Bxd7 15. Rc1 Bc6 16. Bf3 Rad8 17. Re1 Bxf3 18. gxf3 Qf4 19. Be5 Qg5+ 0-1


[Site "https://www.chess.com"]

[Event "Titled Tuesday Blitz March 21 Early 2023"]
[White "Rodriguez Santiago, Jaime"]
[Black "Nguyen Hong Nhung"]
[WhiteFideId "3100898"]
[BlackFideId "12412201"]
[WhiteElo "2025"]
[BlackElo "1904"]
[Result "0-1"]
[Round "04"]
[TimeControl "180+2"]
[Date "2023.03.21"]
[WhiteClock "0:00:34"]
[BlackClock "0:00:23"]

1. c4 c5 2. Nc3 Nc6 3. g3 g6 4. Bg2 Bg7 5. e4 e6 6. Nge2 Nge7 7. O-O Nd4 8. a3 Nec6 9. d3 O-O 10. Rb1 d6 11. b4 cxb4 12. axb4 f5 13. exf5 gxf5 14. b5 Nxe2+ 15. Nxe2 Ne5 16. h3 Rb8 17. Ba3 Qe7 18. f4 Nf7 19. Qd2 b6 20. Kh2 Bb7 21. Rbe1 Bxg2 22. Kxg2 Qb7+ 23. Kh2 a6 24. bxa6 Qxa6 25. Bb4 Rfe8 26. Ng1 b5 27. cxb5 Qxb5 28. Bc3 Bxc3 29. Qxc3 Qb2+ 30. Qxb2 Rxb2+ 31. Kh1 Kg7 32. Nf3 Kf6 33. Re3 e5 34. Rfe1 Rb5 35. Nd4 Rd5 36. Nc2 Rb8 37. fxe5+ dxe5 38. d4 e4 39. Rc3 Rb2 40. Rd1 Nd6 41. Ne3 Rdb5 42. Rc6 Ke7 43. d5 R5b3 44. Rxd6 Kxd6 45. Nc4+ Kd7 46. Nxb2 Rxb2 47. d6 Rb6 48. Kg1 Rxd6 49. Ra1 Ke6 50. Kf2 Rd2+ 51. Ke3 Rd3+ 52. Kf4 Rf3+ 53. Kg5 Rxg3+ 54. Kh4 Rd3 55. Ra6+ Ke5 56. Ra7 e3 57. Rxh7 Kf4 58. Re7 Rd4 59. Kh5 Re4 60. Rc7 e2 61. Rc1 e1=Q 62. Rxe1 Rxe1 63. Kg6 Rg1+ 0-1


[Site "https://www.chess.com"]

[Event "Titled Tuesday Blitz March 21 Early 2023"]
[White "Pniaczek, Marek"]
[Black "Rom, Jasper"]
[WhiteFideId "21800421"]
[BlackFideId "2023733"]
[WhiteElo "2138"]
[BlackElo "2233"]
[Result "0-1"]
[Round "04"]
[TimeControl "180+2"]
[Date "2023.03.21"]
[WhiteClock "0:01:59"]
[BlackClock "0:02:03"]

1. e4 e6 2. d4 d5 3. Nd2 Be7 4. Bd3 c5 5. dxc5 Nf6 6. Qe2 O-O 7. Ngf3 a5 8. O-O Na6 9. Bb5 Nxc5 10. e5 Nfd7 11. Rd1 Qc7 12. c4 Nb6 13. cxd5 Nxd5 14. Nc4 b6 15. b3 Nc3 0-1


[Site "https://www.chess.com"]

[Event "Titled Tuesday Blitz March 21 Early 2023"]
[White "Ardila, Oscar Humberto"]
[Black "Sanchez Alvares, Kelvin Antonio"]
[WhiteFideId "4404742"]
[BlackFideId "3906680"]
[WhiteElo "1911"]
[BlackElo "2217"]
[Result "1-0"]
[Round "04"]
[TimeControl "180+2"]
[Date "2023.03.21"]
[WhiteClock "0:00:03"]
[BlackClock "0:00:05"]

1. d4 d5 2. Nf3 Nf6 3. Ne5 Bf5 4. e3 c6 5. Be2 e6 6. O-O Nbd7 7. f4 Be7 8. Nd2 Ne4 9. Bh5 g6 10. Bf3 h5 11. Bxe4 Bxe4 12. Nxe4 dxe4 13. c4 Nf6 14. Qc2 c5 15. d5 exd5 16. cxd5 Qxd5 17. Rd1 Qe6 18. Bd2 O-O 19. Bc3 Rfd8 20. Rf1 Qf5 21. Qb3 Nd5 22. Qxb7 Bf8 23. Rae1 Nxc3 24. bxc3 Rab8 25. Qxa7 Qe6 26. Rd1 Ra8 27. Qb7 Rxd1 28. Rxd1 Rxa2 29. Qxe4 Qb3 30. Qd5 Qxd5 31. Rxd5 Re2 32. Nc4 Rc2 33. Rd3 Bg7 34. Kf1 Bxc3 35. Rd8+ Kh7 36. Nd6 Kg7 37. Rd7 Bd2 38. Rxf7+ Kg8 39. Re7 c4 40. Ne4 Bb4 41. Re6 Kf7 42. Rc6 c3 43. h3 Rc1+ 44. Ke2 c2 45. Ng5+ Ke7 46. Kd3 Rd1+ 47. Kxc2 Rg1 48. Kb3 Bd2 49. Rxg6 Bxe3 50. Nf3 Rf1 51. Rg5 Bxf4 52. Rxh5 Kf6 53. Kc4 Rd1 54. Rh4 Kf5 55. Rh5+ Ke4 56. Rh7 Rb1 57. Re7+ Kf5 58. Kd3 Rb3+ 59. Ke2 Rb2+ 60. Kf1 Bg3 61. Rf7+ Ke4 62. Re7+ Kf4 63. Rf7+ Ke3 64. Re7+ Kd3 65. Rd7+ Ke4 66. Nd2+ Ke3 67. Nc4+ Kf4 68. Nxb2 1-0


[Site "https://www.chess.com"]

[Event "Titled Tuesday Blitz March 21 Early 2023"]
[White "Putri, Regita Desyari"]
[Black "Villalba, Marcelo"]
[WhiteFideId "7109083"]
[BlackFideId "3701859"]
[WhiteElo "1930"]
[BlackElo "2191"]
[Result "0-1"]
[Round "04"]
[TimeControl "180+2"]
[Date "2023.03.21"]
[WhiteClock "0:00:12"]
[BlackClock "0:00:15"]

1. d4 Nf6 2. c4 g6 3. Nf3 Bg7 4. g3 O-O 5. Bg2 d6 6. O-O c6 7. Nc3 Qa5 8. h3 Qa6 9. b3 b5 10. cxb5 cxb5 11. Qd3 b4 12. Qd1 bxc3 13. Qc2 Bf5 14. Qxc3 Rc8 15. Qe3 Nd5 16. Qd2 Rc2 17. Qd1 Qxe2 18. Nh4 Qxd1 19. Rxd1 Be6 20. Be4 Rc7 21. Nf3 Nc6 22. Bb2 Rac8 23. Ng5 Ncb4 24. a3 Nc6 25. Kg2 Na5 26. Nxe6 fxe6 27. b4 Nc4 28. Bc1 Nc3 29. Re1 Nxe4 30. Rxe4 Kf7 31. Bf4 e5 32. dxe5 Nxe5 33. Bxe5 Bxe5 34. Rae1 Rc2 35. Kf1 Ra2 36. R4e3 Rcc2 37. Rf3+ Ke8 38. Kg2 Bd4 39. Rf1 e5 40. h4 Ke7 41. g4 h6 42. h5 g5 43. Rf5 e4 44. Kg3 Be5+ 45. Kh3 Bf4 46. Ra5 Rxf2 47. Rxa7+ Ke6 48. Rxf2 Rxf2 0-1


[Site "https://www.chess.com"]

[Event "Titled Tuesday Blitz March 21 Early 2023"]
[White "Hernandez Jimenez, Alexander Andres"]
[Black "Santos Flores, Alberto"]
[WhiteFideId "3900452"]
[BlackFideId "3601234"]
[WhiteElo "2112"]
[BlackElo "2235"]
[Result "0-1"]
[Round "04"]
[TimeControl "180+2"]
[Date "2023.03.21"]
[WhiteClock "0:01:17"]
[BlackClock "0:01:31"]

1. e4 c5 2. Nf3 Nc6 3. d4 cxd4 4. Nxd4 g6 5. Nc3 Bg7 6. Nb3 Bxc3+ 7. bxc3 Nf6 8. Bd3 d5 9. exd5 Qxd5 10. O-O O-O 11. Bh6 Rd8 12. Qe2 Qd6 13. h3 Qe5 14. Qxe5 Nxe5 15. Nd4 Nxd3 16. cxd3 e5 17. Nb5 Rxd3 18. Nc7 Rb8 19. Be3 b6 20. Rfd1 Bf5 21. Rxd3 Bxd3 22. Rd1 e4 23. f3 Rc8 24. Bf4 Nh5 25. Bh2 f5 26. fxe4 fxe4 27. Kf2 Kf7 28. Ke3 Ng7 29. Rd2 Nf5+ 30. Kf4 Rxc7 0-1


[Site "https://www.chess.com"]

[Event "Titled Tuesday Blitz March 21 Early 2023"]
[White "Pham, Le Thao Nguyen"]
[Black "Fabris, Alberto"]
[WhiteFideId "12401226"]
[BlackFideId "801348"]
[WhiteElo "2282"]
[BlackElo "2205"]
[Result "1-0"]
[Round "04"]
[TimeControl "180+2"]
[Date "2023.03.21"]
[WhiteClock "0:01:10"]
[BlackClock "0:01:11"]

1. d4 Nf6 2. Nf3 e6 3. Bf4 b6 4. e3 Bb7 5. Nbd2 c5 6. Nc4 d5 7. Nce5 a6 8. Ng5 Nbd7 9. Nexf7 Qe7 10. Nd6+ Qxd6 11. Bxd6 Bxd6 12. Nxe6 Kf7 13. Ng5+ Kg6 14. h4 Ne4 15. Bd3 h6 16. Bxe4+ dxe4 17. dxc5 hxg5 18. Qxd6+ Nf6 19. O-O-O bxc5 20. hxg5 Kxg5 21. Qe7 Rxh1 22. Rxh1 Bd5 23. Qxg7+ Kf5 24. Rh6 1-0


[Site "https://www.chess.com"]

[Event "Titled Tuesday Blitz March 21 Early 2023"]
[White "Remolar Gallen, Jose"]
[Black "lisjakzlatko1"]
[WhiteFideId "2215187"]
[WhiteElo "2223"]
[BlackElo "2197"]
[Result "0-1"]
[Round "04"]
[TimeControl "180+2"]
[Date "2023.03.21"]
[WhiteClock "0:00:01"]
[BlackClock "0:00:12"]

1. e4 d6 2. d4 Nf6 3. Nc3 c6 4. f4 Qa5 5. Bd2 Qb6 6. e5 Nfd7 7. Nf3 Qxb2 8. Rb1 Qa3 9. Bc4 d5 10. Rb3 Qa5 11. Nxd5 Qd8 12. Ne3 Nb6 13. Ba5 e6 14. O-O Be7 15. Bd3 g6 16. c4 Qd7 17. Be4 Na6 18. Qe2 O-O 19. g4 f5 20. exf6 Bxf6 21. Rd3 Qg7 22. g5 Bd8 23. Bc3 Rxf4 24. Ng2 Rf8 25. d5 Qf7 26. Ba1 exd5 27. Qb2 Bf6 28. gxf6 dxe4 29. Ng5 Nxc4 30. Qc3 Be6 0-1


[Site "https://www.chess.com"]

[Event "Titled Tuesday Blitz March 21 Early 2023"]
[White "Hernandez Bonilla, Amelia"]
[Black "Shapiro, Viktor"]
[WhiteFideId "3900193"]
[BlackFideId "4175700"]
[WhiteElo "2195"]
[BlackElo "2152"]
[Result "0-1"]
[Round "04"]
[TimeControl "180+2"]
[Date "2023.03.21"]
[WhiteClock "0:00:30"]
[BlackClock "0:00:22"]

1. d4 Nf6 2. Bf4 e6 3. e3 d5 4. Nf3 Bd6 5. Ne5 O-O 6. Bd3 c5 7. c3 Nc6 8. Bg3 Qc7 9. f4 Ne7 10. Bh4 Nf5 11. Bxf5 exf5 12. Bxf6 gxf6 13. Nf3 Re8 14. Kf2 Bd7 15. Re1 Re7 16. Nbd2 Rae8 17. Nf1 Re4 18. Ng3 Qb6 19. Qc2 c4 20. Rab1 Qa6 21. Nxe4 fxe4 22. Nh4 f5 23. Qe2 Be7 24. Qh5 Qf6 25. g3 Kh8 26. b3 b5 27. bxc4 dxc4 28. a4 a6 29. axb5 axb5 30. Ra1 b4 31. cxb4 Bxb4 32. Reb1 Bf8 33. Ra7 Be6 34. Rb6 Rd8 35. Ra5 Rxd4 36. Nxf5 Rd2+ 37. Ke1 Qc3 38. Rb1 Rb2+ 39. Kf1 Rxb1+ 40. Kg2 Qxa5 41. Nd4 Qxh5 0-1


[Site "https://www.chess.com"]

[Event "Titled Tuesday Blitz March 21 Early 2023"]
[White "Rose, Felix"]
[Black "Belov, Alexei"]
[WhiteFideId "5105722"]
[BlackFideId "4128206"]
[WhiteElo "2039"]
[BlackElo "2494"]
[Result "1/2-1/2"]
[Round "04"]
[TimeControl "180+2"]
[Date "2023.03.21"]
[WhiteClock "0:00:16"]
[BlackClock "0:00:37"]

1. e4 e6 2. d4 d5 3. Nc3 Nf6 4. e5 Ne4 5. Nxe4 dxe4 6. Bc4 a6 7. c3 b5 8. Bb3 Bb7 9. Qe2 c5 10. Be3 cxd4 11. cxd4 Bb4+ 12. Kf1 Nc6 13. Rd1 Ne7 14. Nh3 O-O 15. Qh5 Nf5 16. g4 Nxe3+ 17. fxe3 Rc8 18. Ng5 h6 19. Nh3 Be7 20. Rg1 Bg5 21. Rg3 Bd5 22. Nf2 f6 23. h4 Bxe3 24. Rxe3 fxe5 25. Bxd5 exd5 26. dxe5 Rc2 27. Re2 Qc7 28. g5 e3 29. gxh6 Rxf2+ 30. Rxf2 Rxf2+ 31. Kg1 Rxb2 32. h7+ Kh8 33. Qe8+ Kxh7 34. Qh5+ Kg8 35. Qe8+ Kh7 36. Qh5+ Kg8 37. Qe8+ Kh7 1/2-1/2


[Site "https://www.chess.com"]

[Event "Titled Tuesday Blitz March 21 Early 2023"]
[White "Delorme, Alban"]
[Black "Kopczynski, Michal"]
[WhiteFideId "623636"]
[BlackFideId "1124200"]
[WhiteElo "2196"]
[BlackElo "2212"]
[Result "1-0"]
[Round "04"]
[TimeControl "180+2"]
[Date "2023.03.21"]
[WhiteClock "0:00:13"]
[BlackClock "0:00:04"]

1. e4 b6 2. d4 Bb7 3. Bd3 e6 4. Nf3 Nf6 5. Qe2 d5 6. e5 Nfd7 7. O-O c5 8. c3 Nc6 9. Bg5 Qc7 10. Nbd2 h6 11. Be3 O-O-O 12. Ba6 f5 13. exf6 gxf6 14. Bxb7+ Kxb7 15. c4 Rg8 16. cxd5 exd5 17. dxc5 bxc5 18. Nb3 d4 19. Bd2 Nde5 20. Nxe5 fxe5 21. Qe4 Rd6 22. Nxc5+ Ka8 23. Rac1 Rdg6 24. g3 Rg4 25. Qd5 Qd6 26. Qf7 Nd8 27. Qf3+ Qc6 28. Qb3 Bxc5 29. Bb4 Nb7 30. Bxc5 Nxc5 31. Qa3 Rc8 32. b4 Qb5 33. Qf3+ Kb8 34. bxc5 d3 35. Qxg4 1-0


[Site "https://www.chess.com"]